 Dungeon Crawl Stone Soup version 0.28.0-53-g5a82cb258f (webtiles) character file.

Game seed: 6282906379030017407

4458 issech the Protected (level 10, -3/77 HPs)
             Began as a Minotaur Monk on June 3, 2022.
             Was a Priest of Hepliaklqana.
             Slain by a troll (6 damage)
             ... on level 9 of the Dungeon.
             The game lasted 00:30:44 (8952 turns).

issech the Protected (Minotaur Monk)                Turns: 8952, Time: 00:30:44

Health: -3/77      AC: 15    Str: 16    XL:     10   Next: 15%
Magic:  9/9        EV: 11    Int: 10    God:    Hepliaklqana [***...]
Gold:   1498       SH: 10    Dex: 17    Spells: 9/9 levels left

rFire   + . .      SeeInvis .   G - +8 rapier "Newtslayer" {chaos, rF+ Int+3}
rCold   . . .      Faith    .   H - +0 buckler
rNeg    . . .      Spirit   .   f - +0 plate armour
rPois   .          Reflect  +   (helmet unavailable)
rElec   .          Harm     .   L - +0 cloak
rCorr   .          Rampage  .   (no gloves)
Will    .....                   (no boots)
Stlth   ..........              p - amulet of reflection
HPRegen 0.22/turn               O - +4 ring of evasion
MPRegen 0.11/turn               (no ring)

@: no status effects
A: reduced essence, horns 3, retaliatory headbutt, mutation resistance 1
a: Renounce Religion, Recall Ancestor, Ancestor Identity, Transference


You were on level 9 of the Dungeon.
You worshipped Hepliaklqana.
Hepliaklqana was most pleased with you.
You visited 2 branches of the dungeon, and saw 10 of its levels.

You collected 1498 gold pieces.

Inventory:

Hand Weapons
 b - a +4 morningstar
 r - a +1 dagger of venom
 B - a +0 fustibalus
 E - a +0 war axe
 F - a +5 short sword
 G - the +8 rapier "Newtslayer" (weapon) {chaos, rF+ Int+3}
   (You found it on level 5 of the Dungeon)

   Each time it hits an enemy it has a different, random effect.
   Int:       It affects your intelligence (+3).
   rF:        It protects you from fire.
 I - a +0 mace of draining
 P - a +0 shortbow
 Q - a +2 hand axe of distortion
 S - a +0 flail of draining
Missiles
 a - 8 boomerangs (quivered)
 c - 82 arrows
 e - 198 stones
 i - a curare-tipped dart
 n - 5 poisoned darts
 o - 76 bolts
 A - 2 atropa-tipped darts
 J - 4 javelins
 T - 50 sling bullets
Armour
 f - a +0 plate armour (worn)
 y - a +2 hat
 C - a +0 chain mail
 H - a +0 buckler (worn)
 L - a +0 cloak (worn)
Jewellery
 p - an amulet of reflection (around neck)
 x - an amulet of the acrobat
 O - a +4 ring of evasion (left hand)
Wands
 h - a wand of flame (25)
 t - a wand of paralysis (5)
 D - a wand of polymorph (15)
 N - a wand of iceblast (8)
Scrolls
 l - 6 scrolls of teleportation
 m - 2 scrolls of blinking
 q - a scroll of noise
 u - a scroll of fog
 K - a scroll of enchant weapon {unknown}
 M - 2 scrolls of amnesia {unknown}
Potions
 d - 2 potions of invisibility {unknown}
 g - a potion of mutation
 j - a potion of cancellation {unknown}
 k - a potion of brilliance {unknown}
 s - 4 potions of flight {unknown}
 v - 2 potions of attraction {unknown}
 w - 3 potions of degeneration {unknown}
 z - 5 potions of curing {unknown}
 R - a potion of might {unknown}


   Skills:
 + Level 7.1 Fighting
 + Level 8.2 Short Blades
 + Level 5.8(6.5) Axes
 + Level 4.2(5.7) Maces & Flails
 + Level 3.1 Slings
 + Level 0.3(1.7) Throwing
 + Level 9.6 Armour
 + Level 5.3 Dodging
 + Level 2.6 Stealth
 + Level 3.5 Shields


You had 9 spell levels left.
You didn't know any spells.
Your spell library contained the following spells:

 Spells                   Type           Power      Damage    Failure   Level
 Ignite Poison            Fire/Tmut/Pois 0%         N/A       100%        3
 Mephitic Cloud           Conj/Pois/Air  0%         N/A       100%        3
 Tukima's Dance           Hex            0%         N/A       100%        3
 Passage of Golubria      Tloc           0%         N/A       100%        4
 Freezing Cloud           Conj/Ice/Air   0%         6-21      100%        5
 Yara's Violent Unravell  Hex/Tmut       0%         3d3       100%        5


Dungeon Overview and Level Annotations

Branches:
Dungeon (9/15)             Temple (1/1) D:5
   Lair: D:8-11         Orc: D:9-12

Altars:
Ashenzari
Cheibriados
Dithmenos
Fedhas
Gozag
Hepliaklqana
Kikubaaqudgha
Makhleb
Nemelex Xobeh
Okawaru
Qazlal
Ru
Sif Muna
Trog
Uskayaw
Vehumet
Wu Jian
Xom
Yredelemnul
Lugonu

Shops:
D:2 :   D:3 =


Innate Abilities, Weirdness & Mutations

Your life essence is reduced to manifest your ancestor. (-10% HP)
You have a pair of large horns on your head.
You reflexively headbutt those who attack you in melee.
You are somewhat resistant to further mutation.


Message History

You finish putting on your +0 plate armour.
Found a stone staircase leading down.
Found a stone staircase leading down.
Found 17 gold pieces.
You can now swap creatures with your ancestor.
You now have 1498 gold pieces (gained 17).
Found a scroll of identify.
A troll comes into view.
The troll shouts!
The troll barely misses you. The troll closely misses you.
You block the troll's attack.
You closely miss the troll. The troll closely misses you.
The troll barely misses you. The troll completely misses you.
You hit the troll. You freeze the troll.
The troll is lightly wounded.
The troll bites you but does no damage. The troll completely misses you.
The troll claws you.
* * * LOW HITPOINT WARNING * * *
You hit the troll.
The troll flickers and vanishes!
Deactivating autopickup; reactivate with Ctrl-A.
Your headbutt misses something.
Khabaw hits something with a +0 quarterstaff.
Something bites you but does no damage. Something claws you but does no damage.
Something claws you.
* * * LOW HITPOINT WARNING * * *
You barely miss something. Your headbutt misses something.
Khabaw barely misses something.
Something bites you.
* * * LOW HITPOINT WARNING * * *
Something claws you but does no damage. x2
You closely miss something. You headbutt something.
Khabaw completely misses something.
Something bites you.
* * * LOW HITPOINT WARNING * * *
Something claws you but does no damage. Something claws you.
* * * LOW HITPOINT WARNING * * *
Khabaw closely misses something.
You barely miss something. Your headbutt misses something.
Khabaw hits something with a +0 quarterstaff!
You miss something. Something bites you but does no damage.
Something completely misses you. Something claws you.
You die...

*,≈*,#......,*****,,,,**,,
*,≈+,#......,,,,,,,,,,,*,,
**≈*,#......,,,,,,,,,,,***
******* #≈,,#.....,,,,,,,,,,,,,,,
,,,,,,###≈,,#....#***,,,,,,,,,,,,
≈≈≈≈≈≈≈≈≈≈###...?# *******,,,,,,
,*,,,,,#.........# *,,,,,,
**,,,,,#.......R{# *,,,,,,
,,,,,,,#........@# *,,,,,,
*+***###.........# *....,,
,,,,,............### *#....,,
,,,,,..............# *....#**
,,,,,..............# ####....#
,,,,,..............####.......#
,,,,,.........................#
,,,,,...............>.........#
,,,,,........>................#


You could see the friendly Khabaw the battlemage.

Vanquished Creatures
  Pikel (D:5)
  Joseph (D:9)
  A shadow (D:7)
  A steam dragon (D:6)
  2 water moccasins
  A black bear (D:5)
  2 orc warriors
  A sky beast (D:3)
  2 ogres
  An ice beast (D:5)
  2 necrophages
  A centaur (D:6)
  A phantom (D:4)
  A kobold brigand (D:7)
  A bullfrog (D:7)
  A water moccasin zombie (D:6)
  A water moccasin skeleton (D:4)
  9 wights
  3 vampire bats (D:5)
  A hound (D:4)
  2 centaur skeletons (D:5)
  2 jellies (D:8)
  Crazy Yiuf (D:5)
  6 orc priests
  Jessica (D:3)
  3 orc wizards
  A hound zombie (D:5)
  3 adders
  4 gnolls (D:3)
  2 adder skeletons (D:4)
  A worm (D:2)
  18 orcs
  11 ball pythons
  4 bats
  4 bat skeletons (D:5)
  2 bat zombies (D:5)
  6 endoplasms
  5 giant cockroaches
  8 goblins
  12 hobgoblins
  11 kobolds
  3 quokkas
  3 frilled lizards (D:2)
  2 rats (D:1)
  A spectral orc (D:7)
150 creatures vanquished.

Vanquished Creatures (collateral kills)
  An unseen horror (D:6)
  Prince Ribbit (D:8)
  A water moccasin (D:8)
  An orc warrior (D:9)
  A wyvern skeleton (D:7)
  A bullfrog zombie (D:6)
  A bullfrog skeleton (D:6)
  2 orc wizards
  3 orcs
  A kobold (D:7)
13 creatures vanquished.

Vanquished Creatures (others)
  A battlemage (D:6)
  A demonic plant (D:3)
  2 plants (D:7)
4 creatures vanquished.

Grand Total: 167 creatures vanquished

Notes
Turn   | Place    | Note
-------+----------+-------------------------------------------
     0 | D:1      | issech the Minotaur Monk began the quest for the Orb.
     0 | D:1      | Reached XP level 1. HP: 19/19 MP: 0/0
   162 | D:1      | Reached XP level 2. HP: 19/27 MP: 1/1
  1088 | D:2      | Reached XP level 3. HP: 32/33 MP: 2/2
  1356 | D:2      | Reached skill level 1 in Armour
  1640 | D:2      | Found Nily's Book Emporium.
  2085 | D:3      | Found an iron altar of Okawaru.
  2196 | D:3      | Found a faded altar of an unknown god.
  2228 | D:3      | Noticed a sky beast
  2242 | D:3      | Killed a sky beast
  2243 | D:3      | Reached skill level 5 in Axes
  2243 | D:3      | Reached skill level 2 in Armour
  2243 | D:3      | Reached XP level 4. HP: 33/40 MP: 3/3
  2243 | D:3      | Reached XP level 5. HP: 38/46 MP: 4/4
  2341 | D:3      | Reached skill level 1 in Short Blades
  2342 | D:3      | Found Huob Duynoch's Jewellery Shoppe.
  2513 | D:3      | Reached skill level 3 in Armour
  2710 | D:3      | Noticed Jessica
  2718 | D:3      | Killed Jessica
  3173 | D:4      | Reached XP level 6. HP: 53/53 MP: 5/5
  3629 | D:4      | Found a hide-covered altar of Uskayaw.
  3665 | D:4      | Reached skill level 4 in Armour
  3730 | D:4      | Reached XP level 7. HP: 40/60 MP: 6/6
  4078 | D:5      | Entered Level 5 of the Dungeon
  4088 | D:5      | Found a blossoming altar of Fedhas.
  4170 | D:5      | Reached skill level 5 in Fighting
  4453 | D:5      | Reached skill level 1 in Slings
  4612 | D:5      | Reached skill level 5 in Armour
  4914 | D:5      | Found a runed translucent door.
  4915 | D:5      | Noticed Crazy Yiuf
  5000 | D:5      | Found a staircase to the Ecumenical Temple.
  5035 | D:5      | Gained mutation: You are somewhat resistant to further
                  | mutation. [potion of mutation]
  5035 | D:5      | Gained mutation: You have a pair of large horns on your
                  | head. [potion of mutation]
  5037 | D:5      | HP: 2/56 [poisoned by an adder]
  5350 | D:5      | Identified the +8 rapier "Newtslayer" {chaos, rF+ Int+3}
  5457 | D:5      | Noticed Pikel
  5470 | D:5      | Killed Pikel
  5471 | D:5      | Reached skill level 6 in Armour
  5471 | D:5      | Reached skill level 5 in Dodging
  5471 | D:5      | Reached XP level 8. HP: 43/70 MP: 7/7
  5694 | D:5      | Found an ancient bone altar of Kikubaaqudgha.
  5858 | D:5      | Identified a scroll of acquirement
  5859 | D:5      | Acquired 1052 gold pieces
  5900 | D:5      | Reached skill level 7 in Armour
  6135 | D:5      | Killed Crazy Yiuf
  6234 | Temple   | Entered the Ecumenical Temple
  6309 | Temple   | Became a worshipper of Hepliaklqana the Forgotten
  6309 | Temple   | Reached * piety under Hepliaklqana
  6309 | Temple   | Reached ** piety under Hepliaklqana
  6310 | Temple   | Remembered your ancestor Khabaw as a battlemage
  6420 | D:6      | Reached skill level 5 in Short Blades
  6440 | D:6      | Reached XP level 9. HP: 67/67 MP: 8/8
  6514 | D:6      | Reached skill level 1 in Shields
  6649 | D:6      | Reached skill level 8 in Armour
  6838 | D:6      | Killed an unseen horror
  7064 | D:6      | Found a stormy altar of Qazlal.
  7778 | D:7      | Found a basalt altar of Yredelemnul.
  7830 | D:7      | Found a shadowy altar of Dithmenos.
  8310 | D:8      | Reached skill level 9 in Armour
  8421 | D:8      | Noticed Prince Ribbit
  8426 | D:8      | Killed Prince Ribbit
  8842 | D:8      | Found an opulent altar of Gozag.
  8875 | D:9      | Noticed Joseph
  8878 | D:9      | Reached XP level 10. HP: 68/77 MP: 9/9
  8887 | D:9      | Killed Joseph
  8932 | D:9      | Reached *** piety under Hepliaklqana
  8949 | D:9      | HP: 3/77 [something (5)]
  8952 | D:9      | Slain by a troll

Illustrated notes

Levels and vault maps discovered:
D:1:      dpeg_arrival_erosion, layout_loops_ring, grunt_decor_fettered
D:2:      layout_basic, serial_shops, nicolae_shop_behind_doors
D:3:      layout_loops_ring, mainiacjoe_overflow_boulevard, serial_shops, shop,
          shapermc_ecumenical_altar_gd, uniq_jessica
D:4:      layout_loops_ring, mainiacjoe_overflow_surrounded_room,
          minmay_crystal_water
D:5:      layout_loops_ring, fedhas_altar_fruit_tree, kennysheep_vampire_church,
          minmay_temple_entry_arrows, minivault_25, uniq_crazy_yiuf_cottage,
          uniq_pikel
D:6:      layout_rooms, mainiacjoe_overflow_alcove_1, serial_curves,
          eino_curves_02, eino_curves_02, kennysheep_generic_room_9
D:7:      layout_basic, mainiacjoe_overflow_chevrons,
          yredelemnul_forgotten_temple_becter, chequers_serial_rivers_large_a
D:8:      layout_loops_ring, kennysheep_mini, uniq_prince_ribbit1
D:9:      kennysheep_spiral_hall, layout_irregular_city,
          lightli_bailey_entry_fortress, uniq_joseph
Temple:   kb_corrupted_temple

Skill      XL: |  1  2  3  4  5  6  7  8  9 10 |
---------------+-------------------------------+-----
Axes           | 4 5 |  5.8
Fighting       | 4 5 6 7 |  7.1
Armour         | 2 3 4 6 7 9 |  9.6
Dodging        | 4 5 |  5.3
Short Blades   | 2 3 4 5 7 8 |  8.2
Stealth        | 2 |  2.6
Slings         | 3 |  3.1
Maces & Flails | 2 4 |  4.2
Shields        | 3 |  3.5
Throwing       | |  0.3

Action                   |  1- 3 |  4- 6 |  7- 9 | 10-12 || total
-------------------------+-------+-------+-------+-------++-------
Melee: Hand axe          |    75 |       |       |       ||    75
       Headbutt          |    13 |    18 |    34 |     6 ||    71
       Punch             |     2 |     1 |     1 |       ||     4
       Dagger            |    18 |       |       |       ||    18
       Short sword       |    10 |    82 |    26 |       ||   118
       Flail             |       |       |    29 |       ||    29
       Rapier            |       |       |   138 |    25 ||   163
 Fire: Fustibalus        |       |       |    22 |       ||    22
Throw: Stone             |     4 |       |       |       ||     4
       Boomerang         |       |       |     2 |       ||     2
Invok: Ancestor Life: Ba |       |       |     1 |       ||     1
  Use: Scroll            |       |       |    10 |       ||    10
       Potion            |       |       |     1 |       ||     1
 Stab: Sleeping          |     1 |       |       |       ||     1
Armor: Robe              |     3 |       |       |       ||     3
       Ring mail         |     5 |       |       |       ||     5
       Leather armour    |     4 |       |       |       ||     4
       Scale mail        |    21 |    26 |    26 |       ||    73
       Chain mail        |       |       |    65 |     3 ||    68
       Plate armour      |       |       |       |     7 ||     7
Dodge: Dodged            |    55 |    48 |    67 |    18 ||   188
Block: Buckler           |       |       |    48 |    12 ||    60
       Reflection        |       |       |     2 |       ||     2
